 Dungeon Sprint DCSS version 0.26-a0-962-g9b92081034 (webtiles) character file.

Game seed: 5790293028023507173

6475 Kobol5 the Fencer (level 10, -4/99 HPs)
             Began as a Palentonga Fighter on Dec 2, 2020.
             Was a High Priest of Okawaru.
             Slain by a tyrant leech (18 damage)
             ... in the Dungeon (Sprint IX: "|||||||||||||||||||||||||||||").
             The game lasted 00:03:13 (1018 turns).

Kobol5 the Fencer (Palentonga Fighter)              Turns: 1018, Time: 00:03:14

Health: -4/99      AC: 26    Str: 23    XL:     10   Next: 68%
Magic:  16/16      EV:  9    Int:  9    God:    Okawaru [*****.]
Gold:   33         SH: 14    Dex: 12    Spells: 9/9 levels left

rFire    . . .     SeeInvis +   o - +2 scimitar (holy)
rCold    . . .     Faith    .   c - +0 kite shield
rNeg     . . .     Spirit   .   a - +0 plate armour
rPois    .         Reflect  .   (no helmet)
rElec    .         Harm     .   p - +0 cloak
rCorr    .         Rampage  .   q - +0 pair of gloves
MR       .....     NoTele   +   (no barding)
Stlth    ..........             (no amulet)
HPRegen  0.26/turn              t - +3 ring of strength
MPRegen  0.15/turn              s - +2 ring of protection

@: heroism, curled up
A: large, rugged brown scales 3, see invisible, deformed body, roll 1, armoured
tail, reflexive curl
a: Rolling Charge, Heroism, Finesse, Renounce Religion


You were in the Dungeon.
You worshipped Okawaru.
Okawaru was extremely pleased with you.
You visited 1 branch You collected 33 gold pieces.

Inventory:

Hand Weapons
 o - a +2 scimitar of holy wrath (weapon)
Armour
 a - a +0 plate armour (worn)
 b - a +0 scale mail
 c - a +0 kite shield (worn)
 p - a +0 cloak (worn)
 q - a +0 pair of gloves (worn)
 r - a +1 scale mail
Jewellery
 s - a +2 ring of protection (right hand)
 t - a +3 ring of strength (left hand)
Wands
 n - a wand of acid (1)
Scrolls
 j - 3 scrolls of blinking
 l - 7 scrolls of remove curse
 m - 2 scrolls of amnesia
 u - a scroll of fear
 v - a scroll of identify
Potions
 d - a potion of berserk rage
 e - 9 potions of curing
 f - 5 potions of heal wounds
 g - a potion of haste
 h - 4 potions of magic
 i - a potion of invisibility
 k - a potion of mutation


   Skills:
 + Level 10.1(15.1) Fighting
 * Level 16.0(21.0) Long Blades
 + Level 9.1(14.1) Armour
 + Level 4.3(9.3) Dodging
 + Level 9.0(14.0) Shields
 - Level 9.0 Invocations


You had 9 spell levels left.
You didn't know any spells.
Your spell library was empty.

Dungeon Overview and Level Annotations

Branches:
Dungeon (1/1)

Altars:
Cheibriados
Dithmenos
Elyvilon
Fedhas
Gozag
Hepliaklqana
Kikubaaqudgha
Makhleb
Nemelex Xobeh
Okawaru
Qazlal
Ru
Sif Muna
Trog
Uskayaw
Vehumet
Wu Jian
Xom
Yredelemnul
Zin
The Shining One
Beogh
Jiyva
Lugonu


Innate Abilities, Weirdness & Mutations

You are completely covered in rugged brown scales. (AC +3, +7% HP)
You have supernaturally acute eyesight. (SInv)
Armour fits poorly on your strangely shaped body.
You can roll at nearby foes to attack.
You have a long armoured tail.
You curl defensively after being hit.


Message History

You slash the lindwurm!
The lindwurm is severely wounded.
You hit the lindwurm but do no damage.
The lindwurm is severely wounded.
You block the lindwurm's attack. The lindwurm claws you.
* * * LOW HITPOINT WARNING * * *
The lindwurm claws you.
* * * LOW HITPOINT WARNING * * *
You slash the lindwurm!
You kill the lindwurm!
Okawaru is honoured by your kill.
Your base Long Blades skill increases to level 16!
Your base Armour skill increases to level 9!
Your base Shields skill increases to level 9!
You slash the tyrant leech!
The tyrant leech is moderately wounded.
You closely miss the tyrant leech.
The tyrant leech is moderately wounded.
The tyrant leech bites you!!
You die...

▓_▓.▓.▓
▓_▓.▓.▓
▓_▓.▓.▓
▓_▓.▓.▓
▓_▓.▓.▓
▓_▓.▓.▓
▓'▓.▓'▓
▓.▓.▓)▓
▓.▓.▓@▓
▓)▓.▓w▓
▓.▓.▓.▓
▓.▓.▓.▓
▓.▓.▓.▓
▓.▓.▓.▓
▓.▓.▓.▓
▓)▓.▓!▓
▓)▓.▓


You could see a tyrant leech.

Vanquished Creatures
  2 hydras (D)
  3 lindwurms (D)
  3 cane toads (D)
  3 komodo dragons (D)
  A polar bear (D)
  A tyrant leech (D)
  2 yaks (D)
  6 water moccasins (D)
  An orc warrior (D)
  An eye of draining (D)
  An ice beast (D)
  An ogre (D)
  A wolf (D)
  A centaur (D)
  2 bullfrogs (D)
  A scorpion (D)
  A hound (D)
  A jelly (D)
  An adder (D)
  2 white imps (D)
  An ooze (D)
  An adder zombie (D)
  3 worms (D)
  2 orcs (D)
  A giant cockroach (D)
  2 goblins (D)
  A leopard gecko zombie (D)
  A rat (D)
47 creatures vanquished.

Notes
Turn   | Place    | Note
-------+----------+-------------------------------------------
     0 | D        | Kobol5 the Palentonga Fighter began the quest for the Orb.
     0 | D        | Reached XP level 1. HP: 20/20 MP: 1/1
    11 | D        | Reached skill level 1 in Dodging
    17 | D        | Reached XP level 2. HP: 21/27 MP: 2/2
    82 | D        | Reached XP level 3. HP: 36/36 MP: 3/3
    85 | D        | Reached skill level 5 in Fighting
    85 | D        | Reached XP level 4. HP: 44/44 MP: 4/4
    90 | D        | Reached skill level 3 in Long Blades
   116 | D        | Found a roughly hewn altar of Beogh.
   116 | D        | Found a snail-covered altar of Cheibriados.
   116 | D        | Found a shadowy altar of Dithmenos.
   116 | D        | Found a white marble altar of Elyvilon.
   116 | D        | Found a blossoming altar of Fedhas.
   116 | D        | Found an opulent altar of Gozag.
   117 | D        | Found a hazy altar of Hepliaklqana.
   118 | D        | Found a viscous altar of Jiyva.
   119 | D        | Found an ancient bone altar of Kikubaaqudgha.
   120 | D        | Found a corrupted altar of Lugonu.
   121 | D        | Found a burning altar of Makhleb.
   122 | D        | Found a sparkling altar of Nemelex Xobeh.
   123 | D        | Found an iron altar of Okawaru.
   124 | D        | Found a stormy altar of Qazlal.
   125 | D        | Found a sacrificial altar of Ru.
   126 | D        | Found a shimmering blue altar of Sif Muna.
   127 | D        | Found a bloodstained altar of Trog.
   128 | D        | Found a hide-covered altar of Uskayaw.
   129 | D        | Found a radiant altar of Vehumet.
   130 | D        | Found an ornate altar of the Wu Jian Council.
   131 | D        | Became a worshipper of Warmaster Okawaru
   132 | D        | Found a shimmering altar of Xom.
   133 | D        | Found a basalt altar of Yredelemnul.
   134 | D        | Found a glowing silver altar of Zin.
   135 | D        | Found a glowing golden altar of the Shining One.
   188 | D        | Noticed a centaur
   188 | D        | Noticed an orc warrior
   188 | D        | Noticed an ice beast
   193 | D        | Reached skill level 4 in Long Blades
   193 | D        | Reached skill level 1 in Invocations
   194 | D        | Killed a centaur
   195 | D        | Reached skill level 5 in Long Blades
   195 | D        | Reached skill level 5 in Shields
   195 | D        | Reached XP level 5. HP: 52/53 MP: 4/7
   199 | D        | Killed an orc warrior
   199 | D        | Reached * piety under Okawaru
   200 | D        | Reached skill level 6 in Long Blades
   200 | D        | Reached skill level 5 in Armour
   200 | D        | Reached XP level 6. HP: 62/62 MP: 4/9
   205 | D        | Killed an ice beast
   206 | D        | Reached skill level 7 in Long Blades
   249 | D        | Reached skill level 5 in Invocations
   252 | D        | Reached ** piety under Okawaru
   253 | D        | Gained mutation: You curl defensively after being hit.
                  | [Palentonga growth]
   253 | D        | Reached XP level 7. HP: 70/70 MP: 2/11
   258 | D        | Reached skill level 8 in Long Blades
   437 | D        | Noticed a cane toad
   437 | D        | Noticed a seven-headed hydra
   437 | D        | Noticed a four-headed hydra
   447 | D        | Reached skill level 9 in Long Blades
   447 | D        | Noticed a komodo dragon
   449 | D        | Killed a four-headed hydra
   449 | D        | Reached *** piety under Okawaru
   450 | D        | Reached skill level 11 in Long Blades
   450 | D        | Reached XP level 8. HP: 56/80 MP: 10/13
   451 | D        | Killed a cane toad
   452 | D        | Reached skill level 12 in Long Blades
   452 | D        | Reached XP level 9. HP: 33/87 MP: 10/15
   453 | D        | Killed a seven-headed hydra
   453 | D        | Reached **** piety under Okawaru
   453 | D        | Killed a komodo dragon
   454 | D        | Reached skill level 13 in Long Blades
   463 | D        | HP: 4/88 [yak (8)]
   823 | D        | Noticed a cane toad
   823 | D        | Noticed a polar bear
   823 | D        | Noticed a komodo dragon
   823 | D        | Noticed a cane toad
   830 | D        | Killed a cane toad
   830 | D        | Noticed a komodo dragon
   840 | D        | Killed a polar bear
   841 | D        | Reached skill level 14 in Long Blades
   852 | D        | Killed a komodo dragon
   853 | D        | Reached XP level 10. HP: 74/97 MP: 16/16
   855 | D        | Killed a cane toad
   860 | D        | Reached ***** piety under Okawaru
   861 | D        | Reached skill level 15 in Long Blades
   978 | D        | Noticed a lindwurm
   978 | D        | Noticed a lindwurm
   985 | D        | Noticed a lindwurm
   995 | D        | Killed a lindwurm
  1006 | D        | Killed a lindwurm
  1006 | D        | Received a gift from Okawaru
  1007 | D        | Reached skill level 10 in Fighting
  1016 | D        | Killed a lindwurm
  1017 | D        | Reached skill level 16 in Long Blades
  1018 | D        | Slain by a tyrant leech

Illustrated notes

Levels and vault maps discovered:
D:        linesprint [early_d, line_temple, items_1, d_10, items_2, lair_1,
          lair_end, items_3, orc_1, orc_end, items_4, d_15, swamp_1, shoals_1,
          snake_1, spider_1, d_20, vaults_1, items_5, swamp_end, shoals_end,
          snake_end, spider_end, vaults_end, d_27, items_6, zot_1, zot_end,
          crypt_end, forest_end, elf_end, slime_end, tomb_end, abyss_end,
          pan_hell_end]

Skill      XL: |  1  2  3  4  5  6  7  8  9 10 |
---------------+-------------------------------+-----
Dodging        | 1 2 3 4 |  4.3
Armour         | 3 4 5 6 7 8 9 |  9.1
Shields        | 3 4 5 6 7 8 9 |  9.0
Fighting       | 4 5 6 7 8 9 10 | 10.1
Long Blades    | 5 6 7 11 12 14 16 | 16.0
Invocations    | 3 4 5 7 8 9 |  9.0

Action                   |  1- 3 |  4- 6 |  7- 9 | 10-12 || total
-------------------------+-------+-------+-------+-------++-------
Melee: Long sword        |    19 |     4 |       |       ||    23
       Tailslap          |     4 |     4 |    10 |     7 ||    25
       Scimitar          |       |    24 |    56 |    52 ||   132
Invok: Heroism           |       |     1 |     2 |     1 ||     4
Evoke: Wand              |       |       |     9 |       ||     9
  Use: Potion            |     1 |     1 |       |       ||     2
Armor: Scale mail        |     7 |     2 |       |       ||     9
       Plate armour      |       |     3 |    22 |    13 ||    38
Dodge: Dodged            |     2 |    11 |    22 |     6 ||    41
Block: Kite shield       |     8 |     5 |    34 |    22 ||    69
       Rpst.: Long sword |     2 |     1 |       |       ||     3
       Scimitar          |       |     2 |     3 |     1 ||     6

Table legend: (Time is in decaauts)
 A = Elapsed time spent in this place.
 B = Non-inter-level travel time spent in this place.
 C = Inter-level travel time spent in this place.
 D = Time resting spent in this place.
 E = Time spent auto-exploring this place.
 F = Levels seen in this place.
 G = Mean time per level.
                   A        B        C        D        E       F      G
               +--------+--------+--------+--------+--------+-----+--------+
         Total |    998 |    998 |      0 |    564 |    155 |   1 |  998.0 |
       Dungeon |    998 |    998 |      0 |    564 |    155 |   1 |  998.0 |
               +--------+--------+--------+--------+--------+-----+--------+

Top non-repeatable levels by time:
       D: 998 daAuts
